 Dungeon Crawl Stone Soup version 0.21.1-1-g345015f (webtiles) character file.

227 kaesh the Ruffian (level 5, 0/53 HPs)
             Began as a Troll Monk on Feb 24, 2018.
             Slain by Autsider's ghost (19 damage)
             ... on level 4 of the Dungeon.
             The game lasted 00:11:45 (2546 turns).

kaesh the Ruffian (Troll Monk)                      Turns: 2546, Time: 00:11:45

Health: 0/53       AC:  5    Str: 17 (20) XL:     5   Next: 70%
Magic:  4/4        EV: 11    Int:  8 (9)  God:
Gold:   75         SH:  0    Dex: 11 (12) Spells: 4/4 levels left

rFire    . . .     SeeInvis .     - Unarmed
rCold    . . .     Gourm    +   (no shield)
rNeg     . . .     Faith    +   a - +0 robe
rPois    .         Spirit   .   (helmet restricted)
rElec    .         Reflect  .   (no cloak)
rCorr    .         Harm     .   (gloves unavailable)
MR       .....                  (boots unavailable)
Stlth    +.........             k - amulet of faith
HPRegen  0.57/turn              d - ring of flight
MPRegen  0.09/turn              e - +3 ring of intelligence

@: glowing
A: large, unfitting armour, claws 3, fast metabolism 3, gourmand, regeneration
1, shaggy fur 1, tough skin 2
a: Evoke Flight


You were on level 4 of the Dungeon.
You were very full.

You visited 1 branch of the dungeon, and saw 4 of its levels.

You collected 75 gold pieces.

Inventory:

Armour
 a - a +0 robe (worn)
Jewellery
 d - a ring of flight (left claw)
 e - a +3 ring of intelligence (right claw)
 k - an amulet of faith (around neck)
Scrolls
 c - a scroll of magic mapping {unknown}
 g - 2 scrolls of identify {unknown}
 h - a scroll of noise {unknown}
 i - a scroll of blinking {unknown}
 j - 2 scrolls of remove curse {unknown}
 l - a scroll of amnesia {unknown}
Potions
 f - a potion of curing
Comestibles
 b - 3 rations
 o - 2 chunks of flesh


   Skills:
 + Level 3.6 Fighting
 + Level 3.6 Dodging
 - Level 1.0 Stealth
 + Level 4.4 Unarmed Combat


You had 4 spell levels left.
You didn't know any spells.

Dungeon Overview and Level Annotations

Branches:
Dungeon (4/15)
 Temple: D:4-7

Altars:
Ashenzari
Fedhas
Trog
Uskayaw

Annotations:
D:4 Autsider's ghost, amateur TrAM


Innate Abilities, Weirdness & Mutations

You are too large for most types of armour.
You have claws for hands.
Your metabolism is lightning-fast.
You like to eat raw meat.
Your natural rate of healing is unusually fast.
You are covered in fur. (AC +1)
You have very tough skin. (AC +2)


Message History

Autsider's ghost is moderately damaged.
Autsider's ghost hits you!
You claw Autsider's ghost!
Autsider's ghost is moderately damaged.
Autsider's ghost hits you but does no damage.
You closely miss Autsider's ghost.
Autsider's ghost is moderately damaged.
You barely miss Autsider's ghost.
Autsider's ghost is moderately damaged.
Autsider's ghost barely misses you.
You barely miss Autsider's ghost.
Autsider's ghost is moderately damaged.
Autsider's ghost hits you!
You scratch Autsider's ghost.
Autsider's ghost is heavily damaged.
Autsider's ghost hits you.
You scratch Autsider's ghost but do no damage.
Autsider's ghost is heavily damaged.
Autsider's ghost hits you!!
You die...

#........
#........
#........
#........ ####
#........ .....
#........ ....W
#........
#.....#?.......
#.....#@.......
......W....####
......#....#
#.....#....#
#.... #....####
#####
#.........
#.........
#.........
#.........


You could see Autsider's ghost.

Vanquished Creatures
  A howler monkey (D:4)
  Natasha (twice) (D:3)
  4 adders
  An adder skeleton (D:4)
  3 worms
  2 dart slugs
  2 leopard geckos
  11 orcs
  A giant cockroach (D:1)
  8 goblins
  6 hobgoblins
  8 jackals
  10 kobolds
  6 bats
  4 frilled lizards
  A leopard gecko skeleton (D:4)
  A quokka skeleton (D:4)
  6 rats
  2 plants (D:2)
79 creatures vanquished.

Notes
Turn   | Place    | Note
-------+----------+-------------------------------------------
     0 | D:1      | kaesh the Troll Monk began the quest for the Orb.
     0 | D:1      | Reached XP level 1. HP: 22/22 MP: 0/0
    64 | D:1      | Reached XP level 2. HP: 29/29 MP: 1/1
   632 | D:1      | Reached XP level 3. HP: 36/36 MP: 2/2
   637 | D:1      | Found a shattered altar of Ashenzari.
   735 | D:2      | Found a bloodstained altar of Trog.
   801 | D:2      | Found a blossoming altar of Fedhas.
   934 | D:2      | Noticed a dagger
   936 | D:2      | Noticed a dagger
   936 | D:2      | Found a hide-covered altar of Uskayaw.
  1112 | D:2      | Reached XP level 4. HP: 40/45 MP: 3/3
  1729 | D:3      | Noticed Natasha
  1744 | D:3      | Killed Natasha
  1744 | D:3      | Reached skill level 4 in Unarmed Combat
  1809 | D:3      | Reached XP level 5. HP: 53/53 MP: 4/4
  1828 | D:3      | Noticed Natasha
  1831 | D:3      | Killed Natasha
  2533 | D:4      | Noticed Autsider's ghost (amateur TrAM)
  2546 | D:4      | Slain by Autsider's ghost

Skill      XL: |  1  2  3  4 |
---------------+-------------+-----
Fighting       | 3 |  3.6
Dodging        | 3 |  3.6
Unarmed Combat | 4 |  4.4
Stealth        | |  1.0

Action                   |  1- 3 |  4- 6 || total
-------------------------+-------+-------++-------
Melee: Unarmed           |   116 |   140 ||   256
       Punch             |     2 |     3 ||     5
  Use: Potion            |       |     4 ||     4
 Stab: Sleeping          |       |     3 ||     3
  Eat: Chunk             |    16 |    13 ||    29
Armor: Robe              |    47 |    18 ||    65
Dodge: Dodged            |    52 |    46 ||    98
